 Dungeon Crawl Stone Soup version 0.25.0-26-g0c896c7 (webtiles) character file.

Game seed: 9335764013215388081

203 doctorallosaurus the Chopper (level 5, 0/46 HPs)
             Began as a Draconian Berserker on June 30, 2020.
             Was a Believer of Trog.
             Killed from afar by an orc wizard (3 damage)
             ... with a magic dart
             ... on level 3 of the Dungeon.
             The game lasted 00:21:24 (1732 turns).

doctorallosaurus the Chopper (Draconian Berserker)  Turns: 1732, Time: 00:21:25

Health: 0/46       AC:  5    Str: 19 (21) XL:     5   Next: 51%
Magic:  5/5        EV: 13    Int:  7      God:    Trog [**....]
Gold:   100        SH:  0    Dex: 10      Spells: 4/4 levels left

rFire    . . .     SeeInvis .   m - +0 war axe
rCold    . . .     Gourm    .   (no shield)
rNeg     . . .     Faith    .   (armour unavailable)
rPois    .         Spirit   .   (helmet restricted)
rElec    .         Reflect  .   (no cloak)
rCorr    .         Harm     .   (no gloves)
MR       .....                  (no boots)
Stlth    +.........             (no amulet)
HPRegen  0.15/turn              (no ring)
MPRegen  0.09/turn              (no ring)

@: berserk cooldown
A: unfitting armour, cold-blooded, AC +5
a: Berserk, Trog's Hand, Renounce Religion


You were on level 3 of the Dungeon.
You worshipped Trog.
Trog was pleased with you.
You were near starving.

You visited 1 branch of the dungeon, and saw 3 of its levels.

You collected 100 gold pieces.

Inventory:

Hand Weapons
 c - a +0 hunting sling
 l - a +2 dagger of venom
 m - a +0 war axe (weapon)
Missiles
 i - 103 stones (quivered)
Jewellery
 e - an uncursed amulet of guardian spirit {unknown}
Scrolls
 a - a scroll of blinking
 f - a scroll of magic mapping
 h - a scroll of teleportation
Potions
 d - a potion of magic
 g - a potion of degeneration
Comestibles
 b - 4 rations


   Skills:
 + Level 4.1 Fighting
 + Level 4.7 Axes
 + Level 2.0 Throwing
 + Level 3.3 Dodging
 + Level 0.1 Stealth


You had 4 spell levels left.
You didn't know any spells.
Your spell library was empty.

Dungeon Overview and Level Annotations

Branches:
Dungeon (3/15)

Altars:
Cheibriados

Annotations:
D:3 Grinder


Innate Abilities, Weirdness & Mutations

Your plain brown scales are hard. (AC +5)
You cannot fit into any form of body armour.
You are cold-blooded and may be slowed by cold attacks.


Message History

You slash the orc!
You kill the orc!
Trog accepts your kill.
You closely miss the orc wizard.
The orc hits you from afar with a cursed +0 trident.
* * * LOW HITPOINT WARNING * * *
The orc wizard hits you but does no damage.
The orc wizard looks braver for a moment.
The orc barely misses you.
You closely miss the orc wizard.
The orc wizard gestures at you while chanting.
The magic dart hits you.
* * * LOW HITPOINT WARNING * * *
The orc wizard gestures at you while chanting.
The magic dart hits you.
* * * LOW HITPOINT WARNING * * *
The orc closely misses you. The orc wizard casts a spell at you.
The magic dart hits you.
You die...

.............#
.............+
.............#
......#......#
..(.#.#......#####
.................#
.....!...........#
.................#
#....)@.......# #####
###...oo........#
#...#+#.......o.)......#
#......................#
#......................#
+...o..................#
#...###........(.......#
#...# ##.............#
#...# #/............#


You could see 2 orc wizards and an orc.

Vanquished Creatures
  A howler monkey (D:2)
  An orc wizard (D:3)
  Jessica (D:3)
  Robin (D:2)
  3 adders
  A worm (D:2)
  4 leopard geckos
  6 orcs (D:3)
  11 bats
  15 goblins
  4 hobgoblins
  6 jackals (D:1)
  5 frilled lizards
  3 kobolds (D:1)
  4 rats
66 creatures vanquished.

Notes
Turn   | Place    | Note
-------+----------+-------------------------------------------
     0 | D:1      | doctorallosaurus the Draconian Berserker began the quest
                  | for the Orb.
     0 | D:1      | Reached XP level 1. HP: 19/19 MP: 1/1
   103 | D:1      | Reached XP level 2. HP: 23/26 MP: 2/2
   287 | D:1      | Reached XP level 3. HP: 31/33 MP: 3/3
   583 | D:2      | Reached ** piety under Trog
   826 | D:2      | Found a snail-covered altar of Cheibriados.
   847 | D:2      | Noticed Robin
   861 | D:2      | Killed Robin
   861 | D:2      | Reached XP level 4. HP: 26/40 MP: 4/4
  1039 | D:2      | Reached skill level 1 in Throwing
  1576 | D:3      | Reached XP level 5. HP: 46/46 MP: 5/5
  1652 | D:3      | Noticed Jessica
  1652 | D:3      | Noticed Grinder
  1679 | D:3      | Paralysed by something for 3 turns
  1705 | D:3      | Killed Jessica
  1710 | D:3      | Paralysed by Grinder for 4 turns
  1732 | D:3      | Killed from afar by an orc wizard

Illustrated notes

Levels and vault maps discovered:
D:1:      scummos_arrival_checkerplants, layout_rooms, minmay_misc_feat_tiny,
          minmay_misc_feat_chi, skrybe_limestone_x
D:2:      layout_loops_ring, lemuel_round_altar, uniq_robin
D:3:      layout_basic, kennysheep_generic_room_8, uniq_jessica, uniq_grinder

Skill      XL: |  1  2  3  4  5 |
---------------+----------------+-----
Dodging        | 3 |  3.3
Axes           | 4 |  4.7
Fighting       | 4 |  4.1
Throwing       | 1 2 |  2.0
Stealth        | |  0.1

Action                   |  1- 3 |  4- 6 || total
-------------------------+-------+-------++-------
Melee: Hand axe          |    89 |    19 ||   108
       Tailslap          |     7 |     2 ||     9
       War axe           |       |    52 ||    52
Throw: Stone             |    40 |    36 ||    76
Invok: Berserk           |     1 |     3 ||     4
  Use: Scroll            |     3 |     3 ||     6
       Potion            |       |     3 ||     3
  Eat: Ration            |       |     1 ||     1
       Chunk             |       |     1 ||     1
Armor: Skin              |    43 |    40 ||    83
Dodge: Dodged            |    97 |    74 ||   171
